 Dungeon Crawl Stone Soup version 0.30-a0-881-g1ff12e1e11 (webtiles) character file.

Game seed: 1594029099829936874

44 bmack86 the Shield-Bearer (level 3, -2/33 HPs)
             Began as a Minotaur Fighter on Mar 15, 2023.
             Slain by Grinder (5 damage)
             ... on level 3 of the Dungeon.
             The game lasted 00:03:16 (1269 turns).

bmack86 the Shield-Bearer (Minotaur Fighter)        Turns: 1269, Time: 00:03:16

Health: -2/33      AC: 11    Str: 22    XL:     3   Next: 41%
Magic:  2/2        EV:  7    Int:  5    God:
Gold:   43         SH:  4    Dex:  9    Spells: 2/2 levels left

rFire   . . .      SeeInvis .    a - +0 war axe
rCold   . . .      Faith    .    c - +0 buckler
rNeg    . . .      Spirit   .    f - +0 chain mail
rPois   .          Reflect  .    (helmet restricted)
rElec   .          Rampage  .    (no cloak)
rCorr   .                        j - +0 pair of gloves
Will    .....                    e - +0 pair of boots Stlth
                                 (no amulet)
HPRegen 0.25/turn                (no ring)
MPRegen 0.08/turn                (no ring)

@: no status effects
A: horns 2, retaliatory headbutt
a: no special abilities


You were on level 3 of the Dungeon.
You visited 1 branch of the dungeon, and saw 3 of its levels.

You collected 43 gold pieces.

Inventory:

Hand Weapons
 a - a +0 war axe (weapon)
Missiles
 h - 2 boomerangs (quivered)
Armour
 b - a +0 scale mail
 c - a +0 buckler (worn)
 e - a +0 pair of boots (worn)
 f - a +0 chain mail (worn)
 j - a +0 pair of gloves (worn)
Scrolls
 g - 2 scrolls of identify {unknown}
 i - a scroll of poison {unknown}
 k - 2 scrolls of fog {unknown}
Potions
 d - 2 potions of might
 l - a potion of curing {unknown}
 m - 2 potions of magic {unknown}


   Skills:
 + Level 4.0 Fighting
 * Level 3.4 Axes
 + Level 0.5 Throwing
 + Level 4.0 Armour
 + Level 4.0 Shields


You had 2 spell levels left.
You didn't know any spells.
Your spell library contained the following spells:

 Spells                   Type           Power      Damage    Failure   Level
 Beastly Appendage        Tmut           0%         N/A       99%         1
 Wereblood                Tmut           0%         N/A       100%        2
 Spider Form              Tmut/Pois      0%         N/A       100%        3


Dungeon Overview and Level Annotations

Branches:
Dungeon (2/15)

Altars:
Nemelex Xobeh

Annotations:
D:3 Grinder


Innate Abilities, Weirdness & Mutations

You have a pair of horns on your head.
You reflexively headbutt those who attack you in melee.


Message History

The quokka bites you but does no damage.
Grinder gestures at you.
You shrug off the repeated paralysis!
The quokka bites you but does no damage.
The quokka bites you. Grinder gestures at you. Pain shoots through your body!
The quokka bites you but does no damage.
The quokka bites you but does no damage.
You can move again.
Grinder gestures at you.
You shrug off the repeated paralysis!
The quokka bites you but does no damage.
The quokka bites you but does no damage.
You hit the quokka.
You kill the quokka!
Grinder says, "DUCK!"
Grinder attacks as you move away! You block Grinder's attack.
Found a stone staircase leading up.
You see here a quokka corpse.
Grinder attacks as you move away! Grinder hits you.
You writhe in agony.
Grinder gestures at you.
You suddenly lose the ability to move!
Grinder blinks!
You can move again.
You see here a quokka corpse.
You see here a quokka corpse.
You slash Grinder!
Grinder is moderately wounded.
Grinder hits you but does no damage.
You closely miss Grinder.
Grinder is moderately wounded.
Grinder hits you.
You writhe in agony.
* * * LOW HITPOINT WARNING * * *
You slash Grinder! You headbutt Grinder, but do no damage.
Grinder is heavily wounded.
Grinder hits you.
* * * LOW HITPOINT WARNING * * *
You writhe in agony.
You die...

#............ .# ###
#..#.....#... ... #..
....#...#...
#.###.##.####.#.......
#...#.##......'.......
##
...#.#######.#....###
....#...# #.######
#<.$...5### #.######
#@†.### #......#
........#.†.# #......#
###########'###......#
#.........#.######
#.≈≈≈≈≈≈≈.#.#
#.≈#####≈...# #.
#≈##.# #≈##...
#≈##.#...


You could see Grinder.

Vanquished Creatures
  2 adders (D:2)
  A dart slug (D:1)
  A ball python (D:1)
  An endoplasm (D:1)
  3 goblins (D:1)
  4 hobgoblins
  2 jackals (D:1)
  3 quokkas
  2 bats
  A frilled lizard (D:1)
  3 rats (D:1)
23 creatures vanquished.

Notes
Turn   | Place    | Note
-------+----------+-------------------------------------------
     0 | D:1      | bmack86 the Minotaur Fighter began the quest for the Orb.
     0 | D:1      | Reached XP level 1. HP: 19/19 MP: 0/0
   199 | D:1      | Reached XP level 2. HP: 27/27 MP: 1/1
   203 | D:1      | Found a faded altar of an unknown god.
   893 | D:2      | Found a sparkling altar of Nemelex Xobeh.
   939 | D:2      | Reached XP level 3. HP: 24/33 MP: 2/2
  1170 | D:2      | You fall into a shaft and drop 1 floor!
  1238 | D:3      | Noticed Grinder
  1253 | D:3      | Paralysed by Grinder for 4 turns
  1261 | D:3      | Paralysed by Grinder for 2 turns
  1269 | D:3      | Slain by Grinder

Illustrated notes

Levels and vault maps discovered:
D:1:      minmay_arrival_floating_metal, layout_loops_ring,
          ebering_ecumenical_altar_box, chequers_avenue
D:2:      kb_forest_paths, layout_loops_corners, serial_shops,
          nicolae_shop_behind_doors, basic_altar, minmay_unequal
D:3:      layout_basic, nicolae_overflow_two_pavilions,
          overflow_temple_1_default, mrwooster_statue_mirror, minmay_cupped,
          uniq_grinder

Skill      XL: |  1  2  3 |
---------------+----------+-----
Axes           | 3 |  3.4
Shields        | 4 |  4.0
Fighting       | 4 |  4.0
Armour         | 4 |  4.0
Throwing       | |  0.5

Action                     || total
---------------------------++-------
  Melee: War axe           ||    54
         Headbutt          ||     5
 Armour: Chain mail        ||    49
         Scale mail        ||     6
  Dodge: Dodged            ||    33
  Block: Buckler           ||    23

Table legend: (Time is in decaauts)
 A = Elapsed time spent in this place.
 B = Non-inter-level travel time spent in this place.
 C = Inter-level travel time spent in this place.
 D = Time resting spent in this place.
 E = Time spent auto-exploring this place.
 F = Levels seen in this place.
 G = Mean time per level.
                   A        B        C        D        E       F      G
               +--------+--------+--------+--------+--------+-----+--------+
         Total |   1306 |   1297 |      9 |      0 |    870 |   3 |  435.3 |
       Dungeon |   1306 |   1297 |      9 |      0 |    870 |   3 |  435.3 |
               +--------+--------+--------+--------+--------+-----+--------+

Top non-repeatable levels by time:
     D:1: 906 daAuts
     D:2: 300 daAuts
     D:3: 100 daAuts
